 Dungeon Crawl Stone Soup version 0.30-a0-297-g0ec75d9ef4 (webtiles) character file.

Game seed: 17914810837155085871

186 koil the Sneak (level 5, -1/25 HPs)
             Began as a Spriggan Enchanter on Oct 18, 2022.
             Slain by an orc priest
             ... wielding a +0 flail
              (8 damage)
             ... on level 3 of the Dungeon.
             The game lasted 00:05:59 (2490 turns).

koil the Sneak (Spriggan Enchanter)                 Turns: 2490, Time: 00:06:00

Health: -1/25      AC:  4    Str:  4    XL:     5   Next: 38%
Magic:  8/11       EV: 18    Int: 16    God:
Gold:   89         SH:  0    Dex: 18    Spells: 4/11 levels left

rFire   . . .      SeeInvis +    f - +1 dagger (drain)
rCold   . . .      Faith    .    (no shield)
rNeg    . . .      Spirit   .    b - +0 robe
rPois   .          Reflect  .    i - +2 hat
rElec   .          Harm     .    (no cloak)
rCorr   .          Rampage  .    (gloves unavailable)
Will    .....                    (boots unavailable)
Stlth   +++.......               m - amulet of regeneration
HPRegen 1.04/turn                (no ring)
MPRegen 0.12/turn                (no ring)

@: very quick
A: very small, no large weapons, unfitting armour, see invisible, speed 3
a: no special abilities


You were on level 3 of the Dungeon.
You visited 1 branch of the dungeon, and saw 3 of its levels.

You collected 89 gold pieces.

Inventory:

Hand Weapons
 a - a +1 dagger
 f - a +1 dagger of draining (weapon)
 l - a +2 hand axe of electrocution
Armour
 b - a +0 robe (worn)
 i - a +2 hat (worn)
Jewellery
 m - an amulet of regeneration (around neck)
Wands
 n - a wand of roots (3)
Scrolls
 d - a scroll of enchant weapon {unknown}
 e - 2 scrolls of identify {unknown}
 j - a scroll of summoning {unknown}
 o - a scroll of poison {unknown}
Potions
 c - 2 potions of invisibility
 g - a potion of heal wounds {unknown}
 h - 2 potions of curing {unknown}
 k - a potion of brilliance {unknown}


   Skills:
 + Level 1.3 Fighting
 + Level 2.5 Short Blades
 + Level 3.5 Dodging
 + Level 5.3 Stealth
 + Level 3.5 Spellcasting
 + Level 0.5 Conjurations
 + Level 4.4 Hexes
 + Level 1.0 Air Magic


You had 4 spell levels left.
You knew the following spells:

 Your Spells              Type           Power      Damage    Failure   Level
a - Ensorcelled Hibernat  Hex/Ice        18%        N/A       11%         2
b - Confusing Touch       Hex            17%        N/A       9%          3
c - Static Discharge      Conj/Air       10%        2-3/arc   19%         2

Your spell library contained the following spells:

 Spells                   Type           Power      Damage    Failure   Level
 Tukima's Dance           Hex            17%        N/A       9%          3
 Dazzling Flash           Conj/Hex       20%        N/A       19%         3
 Vhi's Electric Charge    Tloc/Air       8%         N/A       41%         3
 Arcjolt                  Conj/Air       2%         1d12      98%         5
 Lightning Bolt           Conj/Air       2%         1d14      98%         5
 Malign Gateway           Summ/Tloc      1%         N/A       100%        7
 Summon Horrible Things   Summ           1%         N/A       100%        8


Dungeon Overview and Level Annotations

Branches:
Dungeon (3/15)

Altars:

Annotations:
D:3 1 transporter


Innate Abilities, Weirdness & Mutations

You are very small and have problems with some larger weapons.
You are too small for most types of armour.
You have supernaturally acute eyesight. (SInv)
You cover ground extremely quickly. (Speed+++)


Message History

You hit the orc.
You kill the orc!
You hit the orc.
The orc is lightly wounded.
The orc priest calls upon Beogh to heal the orc.
The orc's wounds heal themselves!
The orc hits you but does no damage.
You hit the orc.
The orc is moderately wounded.
The orc hits you with a +0 club.
You hit the orc. You drain the orc.
You kill the orc!
You hit the orc priest but do no damage.
The orc priest closely misses you.
You hit the orc priest but do no damage.
You drain the orc priest.
The orc priest is lightly wounded.
The orc priest completely misses you.
You hit the orc priest but do no damage.
You drain the orc priest.
The orc priest is moderately wounded.
You hit the orc priest.
The orc priest is heavily wounded.
The orc priest closely misses you.
You hit the orc priest but do no damage.
The orc priest is heavily wounded.
The orc priest begins to cast a cantrip, but forgets the words!
You hit the orc priest but do no damage.
You drain the orc priest.
The orc priest is severely wounded.
The orc priest hits you with a +0 flail!
You hit the orc priest but do no damage.
You drain the orc priest.
The orc priest is almost dead.
The orc priest invokes the aid of Beogh against you.
Beogh smites you!
* * * LOW HITPOINT WARNING * * *
You closely miss the orc priest.
The orc priest is almost dead.
The orc priest hits you with a +0 flail!
You die...

#.~~.#.# ##.≈≈.#.#
.#8.≈≈.#.# .###≈≈.#.#
...#≈≈.#.# .#.#≈≈.#.# ######
.
####≈≈.#.###########....#...
≈≈≈≈≈≈..........@oo.........
≈≈≈≈≈≈.#############....#..
.......# #.......o
..##.###### #....#...
#........... #....# ..
###########. #....# ##.###
## .# .## .#


You could see an orc priest (very drained) and an orc.

Vanquished Creatures
  An iguana (D:2)
  Natasha (thrice) (D:2)
  3 adders
  A worm (D:2)
  2 dart slugs
  3 orcs (D:3)
  4 endoplasms
  3 giant cockroaches
  5 goblins
  3 hobgoblins (D:2)
  7 kobolds
  A quokka (D:1)
  3 ball pythons
  3 bats
  2 frilled lizards (D:2)
  2 rats (D:1)
46 creatures vanquished.

Notes
Turn   | Place    | Note
-------+----------+-------------------------------------------
     0 | D:1      | koil the Spriggan Enchanter began the quest for the Orb.
     0 | D:1      | Reached XP level 1. HP: 9/9 MP: 5/5
   145 | D:1      | Reached XP level 2. HP: 13/13 MP: 6/6
   148 | D:1      | Learned a level 2 spell: Ensorcelled Hibernation
   562 | D:2      | Reached XP level 3. HP: 15/17 MP: 8/8
   572 | D:2      | Learned a level 3 spell: Confusing Touch
   745 | D:2      | Learned a level 2 spell: Static Discharge
   943 | D:2      | Found a faded altar of an unknown god.
  1330 | D:2      | Reached skill level 1 in Fighting
  1330 | D:2      | Reached skill level 5 in Stealth
  1330 | D:2      | Reached XP level 4. HP: 18/22 MP: 1/9
  1565 | D:2      | Noticed Natasha
  1572 | D:2      | Killed Natasha
  1867 | D:2      | Noticed Natasha
  1882 | D:2      | Killed Natasha
  1883 | D:2      | Reached XP level 5. HP: 11/25 MP: 8/11
  1954 | D:2      | Noticed Natasha
  1965 | D:2      | Killed Natasha
  1966 | D:2      | Reached skill level 1 in Air Magic
  2125 | D:2      | Found a faded altar of an unknown god.
  2423 | D:3      | Found a transporter.
  2490 | D:3      | Slain by an orc priest

Illustrated notes

Levels and vault maps discovered:
D:1:      evilmike_arrival_crescent, layout_rooms
D:2:      layout_basic, shapermc_ecumenical_altar_mp_ritualfount, uniq_natasha
D:3:      minmay_chambers_of_twos, layout_rooms, gammafunk_ghost_gnarly_gnolls,
          minmay_hedge_maze, roderic_serpentine_path, grunt_decor_cap

Skill      XL: |  1  2  3  4  5 |
---------------+----------------+-----
Spellcasting   | 3 |  3.5
Dodging        | 3 |  3.5
Hexes          | 4 |  4.4
Short Blades   | 2 |  2.5
Fighting       | 1 |  1.3
Stealth        | 5 |  5.3
Air Magic      | 1 |  1.0
Conjurations   | |  0.5

Action                   |  1- 3 |  4- 6 || total
-------------------------+-------+-------++-------
Melee: Dagger            |   102 |    53 ||   155
       Punch             |     2 |       ||     2
 Cast: Ensorcelled Hiber |     5 |     8 ||    13
 Stab: Sleeping          |    14 |     4 ||    18
       Distracted        |     1 |       ||     1
Armor: Robe              |    14 |     6 ||    20
Dodge: Dodged            |    62 |    36 ||    98

Table legend: (Time is in decaauts)
 A = Elapsed time spent in this place.
 B = Non-inter-level travel time spent in this place.
 C = Inter-level travel time spent in this place.
 D = Time resting spent in this place.
 E = Time spent auto-exploring this place.
 F = Levels seen in this place.
 G = Mean time per level.
                   A        B        C        D        E       F      G
               +--------+--------+--------+--------+--------+-----+--------+
         Total |   1686 |   1670 |     16 |     24 |   1285 |   3 |  562.0 |
       Dungeon |   1686 |   1670 |     16 |     24 |   1285 |   3 |  562.0 |
               +--------+--------+--------+--------+--------+-----+--------+

Top non-repeatable levels by time:
     D:2: 1297 daAuts
     D:1: 322 daAuts
     D:3: 66 daAuts
